Map: Thunderbird LE

Players

TLO

  • Race: Zerg Zerg
  • Spawn Location: 11:00

Hellraiser - Winner!

  • Race: Protoss Protoss
  • Spawn Location: 5:00

VOD

Have the link to the VOD?

Description

Time

  • Played on: Sept. 6, 2019, 8:42 p.m.
  • Length: 15:25
Show
View Real Time Build Order
Export as new Build Order

TLO Zerg 

Build Orders: Hatch First, Roach Hydra 

Get SALT Encoding   

  12  0:01  Drone  
  13  0:12  Overlord  
  13  0:17  Drone  
  14  0:30  Drone  
  14  0:31  Drone  
  16  0:47  Hatchery  
  15  0:51  Drone  
  15  0:55  Drone  
  17  1:05  Extractor  
  17  1:10  Spawning Pool  
  15  1:13  Drone  
  15  1:16  Drone  
  17  1:19  Drone  
  18  1:28  Drone  
  19  1:38  Drone  
  20  1:49  Overlord  
  20  1:57  Queen  
  20  1:59  Queen  
  20  2:00  Zergling x2  
  25  2:02  Zergling x2  
  25  2:07  Metabolic Boost  
  26  2:11  Drone  
  26  2:15  Drone  
  28  2:23  Drone  
  28  2:25  Zergling x2  
  30  2:36  Hatchery  
  29  2:39  Drone  
  30  2:45  Queen  
  30  2:50  Overlord  
  32  2:53  Zergling x2  
  32  2:55  Drone  
  34  3:00  Overlord  
  34  3:02  Drone  
  35  3:05  Drone  
  35  3:10  Drone  
  36  3:13  Drone  
  36  3:15  Queen  
  36  3:19  Drone  
  41  3:20  Drone  
  41  3:25  Drone x2  
  43  3:29  Queen  
  45  3:34  Overlord  
  45  3:36  Drone  
  45  3:40  Drone  
  47  3:42  Zergling x4  
  47  3:45  Overlord  
  49  3:52  Spore Crawler, Drone  
  49  3:55  Spore Crawler  
  49  3:56  Drone  
  49  3:57  Drone  
  49  4:02  Drone x2  
  52  4:03  Drone  
  52  4:07  Spore Crawler  
  52  4:10  Drone  
  52  4:11  Overlord  
  52  4:12  Drone  
  52  4:15  Overlord  
  52  4:16  Drone  
  55  4:19  Drone  
  55  4:21  Drone  
  55  4:23  Drone  
  58  4:27  Overlord  
  58  4:29  Drone  
  59  4:31  Drone x2  
  59  4:35  Lair  
  59  4:37  Zergling x2, Extractor  
  60  4:41  Zergling x2  
  60  4:44  Drone  
  60  4:45  Roach Warren, Drone  
  62  4:51  Drone x3  
  62  4:52  Drone, Extractor x2  
  64  4:58  Drone x2  
  62  5:00  Drone  
  62  5:01  Zergling x2, Drone x2  
  62  5:03  Drone  
  62  5:04  Drone  
  67  5:07  Pneumatized Carapace  
  67  5:10  Drone  
  67  5:11  Evolution Chamber  
  67  5:13  Drone x2  
  69  5:14  Drone  
  69  5:16  Drone  
  69  5:18  Drone  
  69  5:21  Drone x2  
  73  5:22  Drone  
  73  5:24  Drone  
  73  5:26  Drone  
  76  5:31  Overlord  
  76  5:32  Roach x2  
  76  5:34  Roach  
  80  5:37  Extractor  
  80  5:41  Roach x2  
  80  5:42  Roach  
  81  5:43  Roach  
  81  5:46  Zerg Missile Weapons Level 1  
  81  5:48  Drone  
  81  5:49  Drone x2  
  84  5:52  Spore Crawler  
  84  5:53  Glial Reconstitution  
  84  5:56  Drone, Overseer  
  84  5:58  Drone  
  84  5:59  Drone  
  84  6:01  Extractor  
  84  6:04  Evolution Chamber, Drone x2  
  84  6:07  Drone  
  86  6:12  Hydralisk Den, Drone x2  
  86  6:15  Drone  
  89  6:18  Drone  
  89  6:20  Queen  
  89  6:23  Drone  
  92  6:26  Drone  
  92  6:27  Drone  
  92  6:29  Drone, Overseer  
  92  6:32  Drone  
  95  6:34  Zerg Ground Armor Level 1  
  95  6:36  Overlord  
  95  6:48  Infestation Pit  
  95  6:49  Drone  
  95  6:50  Hatchery  
  95  6:53  Grooved Spines  
  94  6:55  Drone  
  94  6:57  Hydralisk x3  
  94  7:00  Overlord  
  101  7:09  Overlord x2  
  101  7:10  Drone x2  
  101  7:11  Drone x2  
  101  7:13  Overlord  
  101  7:14  Overlord  
  105  7:22  Hydralisk  
  105  7:24  Hive  
  107  7:35  Hydralisk x4  
  115  7:40  Roach x3  
  115  7:42  Hydralisk  
  123  7:45  Overlord  
  123  7:57  Hydralisk  
  125  7:59  Drone x2  
  125  8:00  Drone x2  
  125  8:02  Hydralisk  
  125  8:03  Spore Crawler  
  125  8:04  Muscular Augments  
  130  8:08  Ravager  
  130  8:09  Drone, Ravager x3  
  130  8:10  Hydralisk x2  
  130  8:11  Hydralisk  
  141  8:14  Drone  
  141  8:16  Extractor  
  141  8:18  Hydralisk x3  
  145  8:23  Hydralisk x2  
  145  8:24  Hydralisk  
  145  8:26  Hydralisk  
  148  8:27  Hydralisk  
  148  8:31  Overlord  
  150  8:35  Overlord  
  150  8:38  Extractor  
  150  8:40  Overlord x2  
  146  8:41  Viper  
  146  8:46  Zergling x4  
  146  8:47  Drone, Zergling x2  
  146  8:48  Spore Crawler  
  152  8:51  Zerg Missile Weapons Level 2  
  152  8:53  Roach  
  152  8:55  Roach  
  156  8:56  Overlord  
  156  9:02  Roach  
  158  9:03  Roach x2  
  158  9:04  Ravager  
  158  9:05  Roach  
  158  9:07  Roach  
  158  9:08  Roach  
  158  9:09  Roach  
  171  9:11  Roach  
  171  9:16  Roach x2  
  171  9:17  Roach  
  179  9:19  Roach  
  179  9:22  Roach x2  
  179  9:23  Roach x2  
  181  9:25  Roach  
  181  9:26  Roach x2  
  187  9:31  Roach  
  187  9:33  Roach  
  187  9:36  Overlord  
  189  9:41  Overlord  
  189  9:42  Overlord  
  189  9:47  Zerg Ground Armor Level 2  
  189  9:48  Overlord x2  
  189  9:51  Overlord  
  189  9:52  Overlord  
  189  9:57  Ravager x2  
  189  9:58  Ravager  
  189  9:59  Hydralisk  
  194  10:01  Hydralisk  
  196  10:10  Roach  
  196  10:11  Overseer x2  
  198  10:14  Hatchery  
  198  10:20  Overlord  
  196  10:23  Roach  
  198  10:33  Roach x2  
  198  10:36  Roach  
  198  10:37  Roach  
  200  10:44  Roach  
  200  10:46  Roach x2  
  200  10:47  Roach  
  200  10:48  Roach  
  200  10:50  Roach  
  200  10:52  Roach  
  200  10:54  Roach, Hydralisk x2  
  200  10:56  Hydralisk x2  
  196  10:57  Roach x3  
  196  10:59  Roach  
  196  11:02  Hydralisk x3  
  173  11:06  Hydralisk x4  
  173  11:07  Roach x2  
  173  11:08  Roach  
  173  11:10  Roach  
  160  11:12  Roach  
  160  11:13  Roach  
  160  11:15  Roach  
  142  11:22  Roach  
  142  11:24  Hydralisk  
  142  11:25  Hydralisk  
  144  11:26  Roach  
  144  11:27  Drone  
  144  11:29  Drone  
  144  11:30  Drone  
  144  11:32  Overlord  
  148  11:36  Roach  
  148  11:37  Roach  
  152  11:40  Roach  
  152  11:43  Viper  
  157  11:48  Roach x2  
  161  11:58  Viper  
  150  12:03  Drone  
  150  12:04  Drone x8  
  150  12:08  Viper, Overseer  
  162  12:17  Ravager x2  
  162  12:18  Zergling x2  
  162  12:20  Roach  
  162  12:21  Drone x2  
  167  12:22  Roach  
  167  12:28  Hydralisk x2  
  167  12:29  Hydralisk  
  158  12:30  Roach x2  
  158  12:36  Hydralisk x3  
  160  12:43  Hydralisk x3  
  159  12:45  Roach  
  159  12:50  Roach  
  163  12:54  Hydralisk x3  
  163  12:56  Extractor  
  163  12:57  Roach  
  170  13:00  Roach x2  
  170  13:02  Roach  
  170  13:03  Roach  
  178  13:06  Roach  
  178  13:07  Roach  
  178  13:08  Extractor  
  181  13:13  Spore Crawler  
  181  13:14  Roach x2, Hydralisk  
  181  13:16  Hydralisk  
  188  13:21  Roach x2  
  188  13:22  Roach  
  188  13:24  Roach  
  188  13:26  Hydralisk  
  188  13:27  Hydralisk  
  192  13:29  Hydralisk  
  192  13:32  Roach  
  200  13:37  Hydralisk  
  200  13:39  Hydralisk x2  
  200  13:41  Hydralisk  
  198  13:44  Roach  
  200  13:55  Roach  
  194  14:00  Hydralisk  
  194  14:03  Hydralisk  
  194  14:05  Overseer  
  190  14:10  Hydralisk x3  
  181  14:18  Overlord  
  181  14:19  Overlord x2  
  181  14:20  Hydralisk x3  
  181  14:21  Hydralisk x2  
  183  14:26  Roach  
  183  14:27  Hydralisk  
  183  14:30  Roach  
  187  14:33  Extractor x2, Roach  
  187  14:34  Roach  
  187  14:38  Roach x2  
  193  14:39  Roach  
  193  14:45  Roach x2  
  189  14:46  Hydralisk  
  189  14:50  Hydralisk  
  171  14:53  Roach  
  171  14:57  Roach x2  
  171  14:59  Roach x2  
Show
View Real Time Build Order
Export as new Build Order

Hellraiser Protoss - Winner!

Build Orders: 1 Gate Expand, Oracle Opening, Phoenix Opening 

Get SALT Encoding   

  12  0:00  Probe  
  13  0:12  Probe  
  14  0:19  Pylon  
  14  0:24  Probe  
  15  0:33  Probe  
  15  0:38  Gateway  
  15  0:41  Probe  
  16  0:47  Assimilator  
  17  0:51  Probe  
  18  1:04  Probe  
  19  1:20  Nexus  
  19  1:24  Probe  
  20  1:35  Cybernetics Core  
  20  1:38  Probe  
  21  1:44  Assimilator  
  21  1:50  Probe  
  21  1:53  Pylon  
  22  2:00  Probe  
  22  2:01  Adept  
  22  2:08  Probe  
  26  2:16  Probe  
  26  2:17  Stargate  
  27  2:26  Warp Gate  
  27  2:28  Probe  
  28  2:30  Probe  
  28  2:31  Adept  
  31  2:38  Probe  
  31  2:40  Probe  
  33  2:49  Probe  
  34  2:52  Probe  
  35  2:58  Phoenix  
  35  3:01  Probe  
  38  3:06  Probe  
  38  3:10  Pylon  
  38  3:11  Oracle  
  39  3:13  Probe  
  39  3:18  Probe  
  41  3:21  Gateway  
  41  3:25  Probe  
  45  3:27  Assimilator  
  45  3:30  Assimilator  
  45  3:32  Probe  
  46  3:37  Probe  
  47  3:44  Oracle, Probe  
  48  3:49  Probe  
  48  3:53  Pylon  
  52  3:55  Forge  
  52  3:56  Probe  
  53  4:02  Robotics Facility  
  53  4:03  Probe  
  53  4:08  Pylon  
  54  4:11  Oracle, Probe  
  54  4:15  Probe  
  56  4:17  Protoss Ground Weapons Level 1  
  56  4:24  Probe  
  60  4:25  Pylon  
  60  4:27  Probe  
  60  4:30  Zealot  
  63  4:31  Zealot  
  63  4:36  Probe  
  66  4:47  Nexus  
  66  4:51  Observer  
  66  4:52  Oracle  
  70  4:53  Probe  
  71  5:01  Probe  
  71  5:03  Immortal  
  71  5:04  Pylon  
  71  5:05  Probe  
  71  5:13  Probe  
  76  5:19  Pylon  
  76  5:20  Probe  
  77  5:25  Probe  
  78  5:29  Shield Battery, Sentry x2  
  78  5:32  Immortal, Probe  
  81  5:38  Probe  
  82  5:44  Probe  
  87  5:50  Probe  
  87  5:53  Gateway, Robotics Bay  
  87  5:54  Gateway  
  87  5:56  Probe  
  89  6:04  Gateway  
  90  6:05  Gateway  
  90  6:06  Immortal  
  90  6:08  Probe  
  92  6:12  Probe  
  92  6:14  Probe  
  96  6:21  Protoss Ground Armor Level 1  
  96  6:22  Probe  
  97  6:26  Probe  
  97  6:29  Probe  
  99  6:34  Colossus  
  99  6:36  Gateway x2  
  99  6:39  Twilight Council  
  99  6:46  Assimilator  
  105  6:49  Forge  
  105  6:51  Assimilator  
  106  6:54  Probe x3  
  106  6:55  Pylon  
  106  6:56  Pylon  
  108  7:07  Blink, Robotics Facility  
  108  7:11  Protoss Ground Weapons Level 2  
  108  7:13  Pylon  
  108  7:24  Pylon  
  108  7:26  Stalker x4  
  108  7:27  Stalker x2  
  122  7:38  Pylon x2  
  122  7:45  Pylon x2  
  122  7:46  Disruptor  
  122  7:47  Disruptor  
  122  7:54  Nexus  
  122  7:57  Pylon  
  122  8:03  Probe x2  
  122  8:04  Probe  
  128  8:06  Protoss Ground Armor Level 2  
  128  8:09  Shield Battery  
  128  8:10  Shield Battery  
  128  8:11  Stalker x4  
  128  8:12  Photon Cannon  
  136  8:15  Probe x2  
  136  8:16  Probe  
  139  8:23  Disruptor  
  139  8:24  Observer  
  143  8:27  Probe  
  143  8:28  Probe  
  143  8:29  Stalker x4  
  143  8:30  Probe  
  153  8:40  Probe x2  
  155  8:44  Warp Prism  
  155  8:47  Templar Archives  
  157  8:54  Probe x2  
  160  8:55  Probe  
  160  9:02  Gateway  
  160  9:03  Gateway  
  160  9:08  Charge  
  160  9:12  Assimilator  
  160  9:16  Assimilator  
  160  9:20  Disruptor  
  163  9:28  Protoss Ground Weapons Level 3  
  163  9:37  Stalker x4  
  163  9:38  Psionic Storm, Stalker x3  
  170  9:39  Stalker  
  172  9:46  Nexus  
  172  9:50  Pylon  
  172  9:52  Pylon  
  172  9:53  Probe x2  
  172  9:56  Pylon  
  172  9:58  Pylon  
  174  10:01  Gravitic Drive  
  174  10:03  High Templar x2  
  178  10:16  Zealot x7  
  178  10:17  Zealot  
  194  10:36  Disruptor x2  
  173  11:00  Disruptor  
  173  11:04  Disruptor  
  161  11:07  Zealot x2  
  161  11:08  Zealot x7  
  161  11:10  Protoss Ground Armor Level 3  
  155  11:26  Probe x3  
  155  11:29  Colossus  
  150  11:39  Colossus, Stalker x9  
  172  11:40  Stalker  
  180  11:54  Nexus  
  177  12:01  Probe x2  
  177  12:05  Assimilator  
  177  12:06  Stalker x5  
  177  12:07  Assimilator  
  189  12:10  Photon Cannon  
  189  12:13  Photon Cannon  
  189  12:14  Shield Battery  
  189  12:15  Pylon  
  189  12:18  Probe x2  
  189  12:21  Warp Prism  
  191  12:25  Protoss Shields Level 1  
  193  12:32  Probe  
  193  12:33  Observer  
  187  12:44  Disruptor, Extended Thermal Lance  
  175  12:45  Zealot x2  
  175  12:46  Zealot x8  
  195  12:54  Gateway x2  
  198  13:07  Photon Cannon  
  198  13:10  Photon Cannon  
  198  13:11  Photon Cannon  
  198  13:14  Photon Cannon x3  
  198  13:15  Photon Cannon, Shield Battery  
  198  13:16  Photon Cannon  
  198  13:17  Observer, Photon Cannon x2  
  199  13:21  Shield Battery  
  199  13:23  Shield Battery  
  199  13:24  Pylon  
  199  13:30  High Templar  
  189  13:49  Zealot x5  
  189  13:51  Dark Shrine  
  189  13:53  Disruptor  
  189  13:54  Disruptor  
  195  13:56  Gateway  
  195  14:01  Gateway  
  167  14:17  Stalker  
  167  14:18  Stalker x11  
  167  14:19  Disruptor x2  
  167  14:24  Gravitic Boosters  
  180  14:41  Zealot x10  
  174  14:53  Zealot x3  
  174  14:55  Nexus  
  182  15:01  Zealot x3  
  182  15:02  Zealot x6  
  192  15:10  Zealot  
  192  15:11  Zealot  
  186  15:17  Dark Templar x3  
Tags
 
Add a new tag
Caveats
  • Supply blocks, unpowered buildings, or Contaminate may cause inaccurate times.
  • Supply counts are checked every 10 seconds.